 Dungeon Crawl Stone Soup version 0.27.1-35-g4d5d836560 (webtiles) character file.

Game seed: 11508778313088765442

3737 Delamore the Slicer (level 10, -5/63 HPs)
             Began as an Octopode Brigand on Apr 8, 2022.
             Was an Initiate of Gozag.
             Slain by a vampire (9 damage)
             ... on level 7 of the Dungeon.
             The game lasted 00:08:33 (8695 turns).

Delamore the Slicer (Octopode Brigand)              Turns: 8695, Time: 00:08:34

Health: -5/63      AC:  1    Str: 12    XL:     10   Next: 15%
Magic:  10/10      EV: 14    Int: 19    God:    Gozag
Gold:   277        SH:  0    Dex: 18    Spells: 6/9 levels left

rFire    . . .     SeeInvis .   r - +2 dagger (venom)
rCold    . . .     Faith    .   (no shield)
rNeg     . . .     Spirit   .   (helmet restricted)
rPois    .         Reflect  .   q - amulet of the acrobat
rElec    .         Harm     .   (no ring)
rCorr    +         Rampage  .   j - +6 ring of intelligence
Will     .....                  w - ring of resist corrosion
Stlth    ++++++....             I - ring "Tyups" {Fly Dex+2}
HPRegen  0.20/turn              (no ring)
MPRegen  0.12/turn              (no ring)
                                (no ring)
                                (no ring)

@: flying
A: almost no armour, amphibious, 8 rings, camouflage 1, gelatinous body 1,
(nimble swimmer 1), tentacles
a: Renounce Religion, Potion Petition, Call Merchant, Bribe Branch


You were on level 7 of the Dungeon.
You worshipped Gozag.
Gozag was aware of your devotion.
You visited 2 branches of the dungeon, and saw 8 of its levels.

You collected 501 gold pieces.
You spent 126 gold pieces at shops.
You paid 98 gold pieces to Gozag.

Inventory:

Hand Weapons
 a - a +2 dagger
 g - a +0 dagger of speed
 i - a +0 rapier
 o - the +1 executioner's axe of Eternal Vigilance {vorpal, Fly rPois Str+8 Dex-5}
   (You found it on level 7 of the Dungeon)

   It inflicts extra damage upon your enemies.
   Str:       It affects your strength (+8).
   Dex:       It affects your dexterity (-5).
   rPois:     It protects you from poison.
   Fly:       It grants you flight.
 r - a +2 dagger of venom (weapon)
 B - a +5 short sword of holy wrath
Missiles
 b - 45 poisoned darts (quivered)
 f - 9 boomerangs
 v - a throwing net
 y - a curare-tipped dart
Armour
 p - a +0 kite shield
Jewellery
 j - a +6 ring of intelligence (right tentacle)
 q - an amulet of the acrobat (around mantle)
 w - a ring of resist corrosion (on tentacle)
 A - an amulet of magic regeneration
 I - the ring "Tyups" (on tentacle) {Fly Dex+2}
   (You found it on level 7 of the Dungeon)

   [ring of flight]

   Dex:       It affects your dexterity (+2).
   Fly:       It grants you flight.
Wands
 c - a wand of flame (15)
 l - a wand of iceblast (5)
Scrolls
 e - 6 scrolls of teleportation
 k - a scroll of vulnerability
 s - a scroll of noise
 u - a scroll of holy word {unknown}
 C - a scroll of brand weapon {unknown}
 F - a scroll of enchant weapon {unknown}
 G - 2 scrolls of amnesia {unknown}
 H - 2 scrolls of blinking {unknown}
Potions
 d - a potion of berserk rage {unknown}
 m - 2 potions of heal wounds {unknown}
 n - 2 potions of degeneration {unknown}
 t - a potion of lignification {unknown}
 x - 2 potions of mutation {unknown}
 z - 2 potions of curing {unknown}
 D - a potion of attraction {unknown}
 E - a potion of magic {unknown}
Miscellaneous
 J - a box of beasts (inert)


   Skills:
 + Level 4.0 Fighting
 + Level 10.5 Short Blades
 - Level 2.0 Throwing
 + Level 3.5 Dodging
 - Level 10.0 Stealth
 + Level 3.3 Hexes
 - Level 5.0 Evocations


You had 6 spell levels left.
You knew the following spells:

 Your Spells              Type           Power      Damage    Failure   Level
a - Dazzling Flash        Conj/Hex       12%        N/A       32%         3

Your spell library contained the following spells:

 Spells                   Type           Power      Damage    Failure   Level
 Foxfire                  Conj/Fire      0%         2x1d4     21%         1
 Magic Dart               Conj           0%         1d3       21%         1
 Call Imp                 Summ           0%         N/A       30%         2
 Inner Flame              Hex/Fire       6%         N/A       32%         3
 Conjure Flame            Conj/Fire      0%         6-21      52%         3
 Mephitic Cloud           Conj/Pois/Air  0%         N/A       52%         3
 Iskenderun's Mystic Bla  Conj/Tloc      0%         2d3       90%         4
 Starburst                Conj/Fire      0%         6d3       100%        6


Dungeon Overview and Level Annotations

Branches:
Dungeon (7/15)             Temple (1/1) D:5

Altars:
Gozag
Nemelex Xobeh
Sif Muna
Wu Jian
Xom
Zin
The Shining One

Shops:
D:6 (


Innate Abilities, Weirdness & Mutations

You cannot wear most types of armour.
You are amphibious.
You can wear up to eight rings at the same time.
Your skin changes colour to match your surroundings (Stealth+).
Your rubbery body absorbs attacks. (AC +1, EV +1)
((You are camouflaged near water. (Stealth+)))
You have tentacles for arms and can constrict up to eight enemies at once.


Message History

The wyvern zombie is almost destroyed.
The wyvern zombie closely misses you.
You hit the wyvern zombie.
The wyvern zombie is almost destroyed.
The wyvern zombie bites you.
* * * LOW HITPOINT WARNING * * *
You hit the wyvern zombie.
The wyvern zombie is almost destroyed.
You hit the wyvern zombie. You squeeze the wyvern zombie.
You destroy the wyvern zombie!
You start resting.
A vampire comes into view.
You start resting.
A vampire is nearby!
The vampire closely misses you. The vampire completely misses you.
You completely miss the vampire. Your grab misses the vampire.
You hit the vampire. You grab the vampire.
The vampire is lightly damaged.
You constrict the vampire, but do no damage.
The vampire closely misses you. The vampire bites you!
The vampire draws strength from your injuries!
You hit the vampire but do no damage. You squeeze the vampire.
The vampire is lightly damaged.
You constrict the vampire, but do no damage.
You open the lid... ...and a juvenile stingshock beast leaps out!
The box is emptied!
You constrict the vampire, but do no damage.
The vampire hits you!
* * * LOW HITPOINT WARNING * * *
The vampire closely misses you.
You hit the vampire but do no damage.
You squeeze the vampire, but do no damage.
The vampire is lightly damaged.
You constrict the vampire, but do no damage.
The vampire hits you!
* * * LOW HITPOINT WARNING * * *
The vampire bites you!
You die...
Your body crumbles into a pile of gold.

### ## #### #### ..# #.
.#.. ..# ...
.#.#.#######.# ###
#.##..#.#.$.$.#.##..##
#.#.##.#.#'#.#.#....# #
Z#..$'.#.#=#.#.'..##g##
#.#.##H#.###.#.#.## #..
#. #..#.#.....#.#.# ##.
.. .#.#@###'###.#.# ##
.Z #. .#.V.$.$$..#.# ##
## ######'#########+##
#.......##.......
#..#####..#..####.
#.##$(.##.#....... #
#$$$($#.#.##....
#$.$$[#.+.##...$ #
#$$..$#.#.####$.


You could see a vampire (ally target) and a friendly juvenile stingshock beast
(summoned).

Vanquished Creatures
  A two-headed ogre (D:7)
  A death knight (D:7)
  An ugly thing (D:7)
  2 trolls (D:7)
  A steam dragon (D:7)
  Edmund (D:4)
  Duvessa (D:5)
  An ice beast (D:6)
  A black bear (D:4)
  A centaur (D:6)
  A bullfrog (D:6)
  A scorpion (D:4)
  Dowan (D:5)
  A wyvern zombie (D:7)
  A water moccasin skeleton (D:4)
  A killer bee (D:7)
  3 bullfrog zombies
  2 jellies
  2 hounds
  2 orc priests
  2 centaur skeletons
  An iguana (D:6)
  3 orc wizards
  5 gnolls
  8 adders
  A white imp (D:6)
  An ufetubus (D:6)
  2 adder skeletons (D:4)
  15 orcs
  6 endoplasms
  2 giant cockroaches
  9 goblins
  10 hobgoblins
  10 kobolds
  4 quokkas
  8 ball pythons
  6 bats
  3 frilled lizards
  5 rats
127 creatures vanquished.

Notes
Turn   | Place    | Note
-------+----------+-------------------------------------------
     0 | D:1      | Delamore the Octopode Brigand began the quest for the Orb.
     0 | D:1      | Reached XP level 1. HP: 14/14 MP: 1/1
   140 | D:1      | Reached XP level 2. HP: 14/19 MP: 2/2
   367 | D:1      | Reached XP level 3. HP: 23/24 MP: 3/3
  1484 | D:2      | Found a faded altar of an unknown god.
  1697 | D:2      | Reached XP level 4. HP: 29/29 MP: 4/4
  3248 | D:4      | Noticed a black bear
  3258 | D:4      | Killed a black bear
  3259 | D:4      | Reached skill level 1 in Evocations
  3259 | D:4      | Reached XP level 5. HP: 24/34 MP: 5/5
  3384 | D:4      | Reached XP level 6. HP: 39/39 MP: 6/6
  4036 | D:4      | Noticed Edmund
  4041 | D:4      | Killed Edmund
  4042 | D:4      | Reached XP level 7. HP: 37/45 MP: 7/7
  5012 | D:5      | Entered Level 5 of the Dungeon
  5402 | D:5      | Found a staircase to the Ecumenical Temple.
  5414 | Temple   | Entered the Ecumenical Temple
  5428 | Temple   | Became a worshipper of Gozag Ym Sagoz the Greedy
  5440 | D:5      | Noticed Duvessa
  5449 | D:5      | Noticed Dowan
  5453 | D:5      | Killed Duvessa
  5454 | D:5      | Reached skill level 5 in Short Blades
  5637 | D:5      | Killed Dowan
  6010 | D:5      | Reached XP level 8. HP: 41/50 MP: 8/8
  6071 | D:5      | Found a sparkling altar of Nemelex Xobeh.
  6462 | D:6      | Learned a level 3 spell: Dazzling Flash
  6469 | D:6      | Reached skill level 10 in Stealth
  6473 | D:6      | Reached skill level 5 in Evocations
  7011 | D:6      | Found Gusir's Antique Weapon Shoppe.
  7015 | D:6      | Bought a glowing short sword for 126 gold pieces
  8288 | D:7      | Noticed a troll
  8289 | D:7      | Noticed a troll
  8289 | D:7      | Noticed a two-headed ogre
  8290 | D:7      | Killed a troll
  8291 | D:7      | Reached XP level 9. HP: 54/54 MP: 9/9
  8291 | D:7      | Killed a troll
  8293 | D:7      | Killed a two-headed ogre
  8294 | D:7      | Reached skill level 10 in Short Blades
  8294 | D:7      | Reached skill level 1 in Hexes
  8298 | D:7      | Noticed a death knight
  8301 | D:7      | Noticed a red ugly thing
  8302 | D:7      | Killed a death knight
  8313 | D:7      | Killed a red ugly thing
  8314 | D:7      | Reached XP level 10. HP: 30/63 MP: 10/10
  8513 | D:7      | Identified the +1 executioner's axe of Eternal Vigilance
                  | {vorpal, Fly rPois Str+8 Dex-5}
  8513 | D:7      | Identified the ring "Tyups" {Fly Dex+2}
  8695 | D:7      | Slain by a vampire

Illustrated notes

Levels and vault maps discovered:
D:1:      nagdon_arrival_zigzag_paths, layout_basic
D:2:      layout_loops_corners, ebering_ecumenical_altar_mist
D:3:      layout_basic, nrook_mini_vaults
D:4:      layout_basic, kennysheep_generic_room_10, uniq_edmund
D:5:      layout_gridville, marbit_many_paths, minmay_temple_entry_water_ring,
          kennysheep_generic_room_4, uniq_duvessa
D:6:      layout_gridville, serial_shops, nicolae_shop_crystal,
          grunt_ministairs_10
D:7:      minmay_the_grid_plus [minmay_the_grid_fan, minmay_the_grid_expand,
          minmay_the_grid_dragon_b, minmay_the_grid_odd_star,
          minmay_the_grid_prize_shrinking_boxes], layout_rooms,
          ebering_ghost_disaster_area, uniq_pikel
Temple:   compressed_dpeg_circular_temple

Skill      XL: |  1  2  3  4  5  6  7  8  9 10 |
---------------+-------------------------------+-----
Stealth        | 6 7 8 9 10 | 10.0
Short Blades   | 3 4 5 8 10 | 10.5
Evocations     | 1 2 3 4 5 |  5.0
Hexes          | 3 |  3.3
Fighting       | 3 4 |  4.0
Dodging        | 3 |  3.5
Throwing       | |  2.0

Action                   |  1- 3 |  4- 6 |  7- 9 | 10-12 || total
-------------------------+-------+-------+-------+-------++-------
Melee: Dagger            |    56 |    88 |   149 |    32 ||   325
       Tentacles         |     9 |    18 |    40 |    12 ||    79
       Constrict         |    11 |    17 |    27 |     4 ||    59
Throw: Boomerang         |       |     2 |       |       ||     2
       Dart              |       |     2 |    30 |       ||    32
Evoke: Wand              |       |     2 |     5 |       ||     7
       Box of beasts     |       |       |       |     1 ||     1
  Use: Scroll            |       |     1 |     2 |       ||     3
       Potion            |       |     1 |     1 |       ||     2
 Stab: Sleeping          |    11 |    12 |    15 |       ||    38
       Distracted        |       |     1 |       |       ||     1
       Paralysed         |       |     1 |     3 |       ||     4
Armor: Skin              |     7 |     4 |     5 |     1 ||    17
Dodge: Dodged            |    24 |    32 |    67 |    14 ||   137
